 Dungeon Crawl Stone Soup version 0.22.1-6-g1668fe2 (webtiles) character file.

3469 brainwave the Carver (level 10, 0/77 HPs)
             Began as a Human Berserker on Jan 28, 2019.
             Was an Elder of Trog.
             Slain by a killer bee (2 damage)
             ... on level 8 of the Dungeon on Jan 29, 2019.
             The game lasted 01:30:08 (8713 turns).

brainwave the Carver (Human Berserker)              Turns: 8713, Time: 01:30:09

Health: 0/77       AC:  8    Str: 20    XL:     10   Next: 27%
Magic:  10/10      EV: 13    Int:  7    God:    Trog [****..]
Gold:   365        SH: 10    Dex: 14    Spells: 9/9 levels left

rFire    . . .     SeeInvis .   y - +1 long sword (slice)
rCold    . . .     Gourm    .   z - +0 shield
rNeg     . . .     Faith    .   G - +3 leather armour
rPois    .         Spirit   .   (no helmet)
rElec    .         Reflect  .   (no cloak)
rCorr    +         Harm     .   L - +1 pair of gloves
MR       .....                  (no boots)
Stlth    +++.......             (no amulet)
HPRegen  0.22/turn              D - ring of stealth
MPRegen  0.12/turn              M - ring of resist corrosion

@: no status effects
A: no striking features
a: Berserk, Trog's Hand, Brothers in Arms, Renounce Religion


You were on level 8 of the Dungeon.
You worshipped Trog.
Trog was greatly pleased with you.
You were hungry.

You visited 1 branch of the dungeon, and saw 8 of its levels.

You collected 365 gold pieces.

Inventory:

Hand Weapons
 a - a +0 falchion
 c - a +1 short sword of draining
 d - a cursed -3 dagger
 l - a +0 hunting sling of freezing
 n - a +1 whip of venom
 t - a +2 dagger of draining
 y - a +1 long sword of slicing (weapon)
 N - a cursed +4 long sword of freezing
 T - a +4 trident
Missiles
 e - 166 stones
 g - 2 large rocks
 q - 54 arrows
 r - 39 bolts
 A - 3 tomahawks
 C - 6 javelins
 J - 39 sling bullets (quivered)
 S - a throwing net
Armour
 b - a +0 animal skin
 p - a +0 scale mail
 z - a +0 shield (worn)
 B - a +1 robe of fire resistance
 G - a +3 leather armour (worn)
 L - a +1 pair of gloves (worn)
Magical Staves
 F - an uncursed staff of conjuration {unknown}
Jewellery
 D - a ring of stealth (left hand)
 M - a ring of resist corrosion (right hand)
Wands
 U - a wand of random effects (10)
Scrolls
 f - 3 scrolls of teleportation
 R - a scroll of identify
Potions
 w - a potion of berserk rage


   Skills:
 + Level 6.5 Fighting
 + Level 8.2 Long Blades
 + Level 3.1 Polearms
 + Level 0.5 Slings
 + Level 4.6 Armour
 + Level 5.2 Dodging
 + Level 4.1 Stealth
 * Level 5.7 Shields


You had 9 spell levels left.
You didn't know any spells.
Your spell library contained the following spells:

 Spells                   Type           Power        Failure   Level  Hunger
 Animate Skeleton         Necr           N/A          87%         1    ##.....
 Apportation              Tloc           #.....       87%         1    ##.....
 Confusing Touch          Hex            #.....       87%         1    ##.....
 Sandblast                Erth           #.....       87%         1    ##.....
 Summon Small Mammal      Summ           #...         87%         1    ##.....
 Passwall                 Tmut/Erth      #.......     95%         2    ###....
 Confuse                  Hex            #.......     99%         3    ####...
 Gell's Gravitas          Tloc           #.........   99%         3    ####...
 Stone Arrow              Conj/Erth      #.....       99%         3    ####...
 Petrify                  Tmut/Erth      #.......     100%        4    #####..
 Lee's Rapid Deconstruct  Erth           #.........   100%        5    ######.
 Metabolic Englaciation   Hex/Ice        #.........   100%        5    ######.
 Yara's Violent Unravell  Hex/Tmut       #.........   100%        5    ######.


Dungeon Overview and Level Annotations

Branches:
Dungeon (8/15)             Temple (0/1) D:4
   Lair: D:8-11

Altars:
Yredelemnul


Message History

Your resistance to elements expires.
You start resting.
You feel yourself slow down.
You start resting.
The killer bee is too close now for your liking.
A killer bee is nearby!
A killer bee is nearby!
You miss the killer bee. You block the killer bee's attack.
The killer bee barely misses you.
You riposte.
You closely miss the killer bee. You miss the killer bee.
The killer bee completely misses you.
You riposte.
You hit the killer bee but do no damage.
The killer bee stings you but does no damage.
You miss the killer bee. You block the killer bee's attack. x2
You closely miss the killer bee. You block the killer bee's attack.
The killer bee stings you.
* * * LOW HITPOINT WARNING * * *
You closely miss the killer bee. The killer bee stings you!
* * * LOW HITPOINT WARNING * * *
The killer bee stings you.
You die...

###### #....# #..).#
#...@# ......# #..y.#
......# #....######
.....#
#..........#####....#
#..............#....#
####(..........#....#
..........:......%
........Flo..)....
.............#o..


You could see a killer bee.

Vanquished Creatures
  Harold (D:7)
  4 yaks (D:7)
  A wraith (D:7)
  A water moccasin (D:6)
  Duvessa (D:5)
  2 orc warriors (D:8)
  A black bear (D:4)
  An ice beast (D:6)
  3 bullfrogs
  Dowan (D:5)
  A scorpion (D:5)
  A killer bee (D:8)
  A wight (D:7)
  A howler monkey (D:6)
  2 crimson imps
  5 human zombies (D:7)
  2 bullfrog skeletons
  5 hounds
  3 orc priests (D:8)
  3 jellies
  An iguana (D:4)
  3 orc wizards
  A worker ant (D:5)
  2 ogre zombies (D:7)
  A hound zombie (D:7)
  A hound skeleton (D:7)
  3 mummies (D:7)
  3 gnolls (D:2)
  8 adders
  2 shadow imps
  An ooze (D:1)
  An adder skeleton (D:5)
  3 worms
  A dart slug (D:2)
  4 leopard geckos
  18 orcs
  3 giant cockroaches (D:1)
  7 goblins
  5 hobgoblins
  3 quokkas
  A ball python (D:3)
  10 bats
  4 frilled lizards
  8 kobolds
  8 rats
142 creatures vanquished.

Notes
Turn   | Place    | Note
-------+----------+-------------------------------------------
     0 | D:1      | brainwave the Human Berserker began the quest for the Orb.
     0 | D:1      | Reached XP level 1. HP: 18/18 MP: 1/1
    48 | D:1      | Reached XP level 2. HP: 11/24 MP: 2/2
   465 | D:1      | Reached XP level 3. HP: 16/29 MP: 3/3
  1594 | D:2      | Reached ** piety under Trog
  1780 | D:2      | Reached XP level 4. HP: 7/35 MP: 4/4
  1784 | D:2      | HP: 1/35 [gnoll/spear (6)]
  2317 | D:2      | Reached skill level 4 in Long Blades
  2639 | D:2      | Reached XP level 5. HP: 39/41 MP: 5/5
  2790 | D:3      | Reached skill level 1 in Stealth
  3141 | D:3      | Reached *** piety under Trog
  3143 | D:3      | Reached XP level 6. HP: 32/48 MP: 6/6
  3556 | D:4      | Reached skill level 1 in Shields
  3702 | D:4      | Noticed a black bear
  3714 | D:4      | Killed a black bear
  3825 | D:4      | Reached skill level 5 in Long Blades
  3972 | D:4      | Found a staircase to the Ecumenical Temple.
  4242 | D:4      | Reached XP level 7. HP: 42/54 MP: 7/7
  4462 | D:5      | Entered Level 5 of the Dungeon
  4892 | D:5      | Noticed Dowan
  4893 | D:5      | Noticed Duvessa
  4909 | D:5      | Killed Duvessa
  4928 | D:5      | Killed Dowan
  4928 | D:5      | Reached XP level 8. HP: 35/61 MP: 8/8
  5604 | D:6      | Reached skill level 5 in Fighting
  5995 | D:6      | Reached skill level 6 in Long Blades
  6776 | D:7      | Noticed Harold
  6819 | D:7      | Noticed a yak
  6823 | D:7      | Noticed a yak
  6824 | D:7      | Noticed a yak
  6825 | D:7      | Noticed a yak
  6844 | D:7      | Killed a yak
  6844 | D:7      | Reached XP level 9. HP: 58/68 MP: 9/9
  6848 | D:7      | Reached skill level 1 in Polearms
  7340 | D:7      | Found a basalt altar of Yredelemnul.
  7359 | D:7      | Reached **** piety under Trog
  7474 | D:7      | Killed Harold
  7474 | D:7      | Reached skill level 7 in Long Blades
  7474 | D:7      | Reached skill level 5 in Dodging
  7474 | D:7      | Reached skill level 5 in Shields
  7474 | D:7      | Reached XP level 10. HP: 33/76 MP: 10/10
  8231 | D:7      | Paralysed by fainting for 10 turns
  8607 | D:8      | Reached skill level 8 in Long Blades
  8631 | D:8      | HP: 3/77 [poisoned by a killer bee]
  8636 | D:8      | HP: 2/77 [poisoned by a killer bee]
  8642 | D:8      | HP: 1/77 [poisoned by a killer bee]
  8648 | D:8      | HP: 1/77 [poisoned by a killer bee]
  8654 | D:8      | HP: 1/77 [poisoned by a killer bee]
  8713 | D:8      | HP: 2/77 [killer bee (8)]
  8713 | D:8      | Slain by a killer bee

Skill      XL: |  1  2  3  4  5  6  7  8  9 10 |
---------------+-------------------------------+-----
Long Blades    | 4 5 6 7 8 |  8.2
Stealth        | 1 2 3 4 |  4.1
Dodging        | 3 4 5 |  5.2
Shields        | 2 3 5 |  5.7
Armour         | 3 4 |  4.6
Fighting       | 4 5 6 |  6.5
Polearms       | 3 |  3.1
Slings         | |  0.5

Action                   |  1- 3 |  4- 6 |  7- 9 | 10-12 || total
-------------------------+-------+-------+-------+-------++-------
Melee: Falchion          |    84 |    37 |       |       ||   121
       Long sword        |       |   120 |   173 |    89 ||   382
       Trident           |       |       |    52 |       ||    52
 Fire: Hunting sling     |       |       |       |     5 ||     5
Throw: Tomahawk          |       |     2 |       |       ||     2
Invok: Berserk           |       |     2 |     1 |     1 ||     4
Evoke: Wand              |       |       |       |     1 ||     1
  Use: Potion            |     2 |     4 |     8 |     4 ||    18
       Scroll            |       |     4 |    12 |     4 ||    20
 Stab: Sleeping          |     1 |     1 |    10 |     1 ||    13
  Eat: Ration            |     1 |     3 |     3 |     1 ||     8
       Chunk             |       |       |       |     1 ||     1
Armor: Animal skin       |    17 |    11 |       |       ||    28
       Scale mail        |       |    72 |     9 |       ||    81
       Leather armour    |       |       |    42 |    26 ||    68
Dodge: Dodged            |    62 |    87 |    81 |    41 ||   271
Block: Shield            |       |    61 |    79 |    45 ||   185
       Rpst.: Falchion   |    20 |     9 |       |       ||    29
       Long sword        |       |    15 |    22 |    10 ||    47
